NCAA
COLORADO BUFFALOES @ MICHIGAN WOLVERINES
04/21/2027
 
TOP OF THE 1ST
Colorado Buffaloes batting - Pitching for Michigan Wolverines : RHP Jean-François Wong
Pitching: RHP Jean-François Wong
Batting: SHB Edgardo Guzmán 0-0: Ball
1-0: Ball
2-0: Ball
3-0: Called Strike
3-1: Foul Ball, location: 2F
3-2: Strikes out looking
Batting: LHB Marcos Fontanez 0-0: Ball
1-0: Ball
2-0: Called Strike
2-1: Foul Ball, location: 2F
2-2: Strikes out swinging
Batting: LHB Ethan Shaw 0-0: Called Strike
0-1: SINGLE (Line Drive, 34D)
Batting: LHB Claudio Jaramillo 0-0: Foul Ball, location: 2F
0-1: Ball
1-1: Ball
2-1: Fly out, F6 (Popup, 6D)
Top of the 1st over - 0 run(s), 1 hit(s), 0 error(s), 1 left on base; Colorado 0 - Michigan 0
BOTTOM OF THE 1ST
Michigan Wolverines batting - Pitching for Colorado Buffaloes : RHP Cole Reynolds
Pitching: RHP Cole Reynolds
Batting: RHB Mark Brewer 0-0: Ball
1-0: Foul Ball, location: 2F
1-1: Ball
2-1: Foul Ball, location: 2F
2-2: Fly out, F6 (Popup, 6)
Batting: RHB José Morán 0-0: Foul Ball, location: 2F
0-1: Ball
1-1: Swinging Strike
1-2: Ball
2-2: Fly out, F9 (Flyball, 9)
Batting: RHB Bill Davis 0-0: Ball
1-0: Called Strike
1-1: Hit by Pitch
Batting: RHB Jake Brown 0-0: Ball
1-0: Foul Ball, location: 2F
1-1: Swinging Strike
1-2: Strikes out swinging
Bottom of the 1st over - 0 run(s), 0 hit(s), 0 error(s), 1 left on base; Colorado 0 - Michigan 0
TOP OF THE 2ND
Colorado Buffaloes batting - Pitching for Michigan Wolverines : RHP Jean-François Wong
Batting: RHB John Jones 0-0: Ball
1-0: Foul Ball, location: 2F
1-1: Ball
2-1: Foul Ball, location: 2F
2-2: TRIPLE (Flyball, 9LM)
Batting: SHB Caleb Hart 0-0: Ball
1-0: Fly out, F6 (Line Drive, 6)
Batting: LHB Jack Jefferson 0-0: Foul Ball, location: 2F
0-1: Foul Ball, location: 2F
0-2: Ball
1-2: Fly out, F8 (Flyball, 8LM)
Runner from 3rd tags up, OUT at HOME
Top of the 2nd over - 0 run(s), 1 hit(s), 0 error(s), 0 left on base; Colorado 0 - Michigan 0
BOTTOM OF THE 2ND
Michigan Wolverines batting - Pitching for Colorado Buffaloes : RHP Cole Reynolds
Batting: RHB Bill Andrews 0-0: Called Strike
0-1: Ball
1-1: Swinging Strike
1-2: Ball
2-2: Strikes out swinging
Batting: RHB Rob Burkholder 0-0: Ball
1-0: Ball
2-0: Foul Ball, location: 2F
2-1: Foul Ball, location: 2F
2-2: Strikes out swinging
Batting: RHB Walt Green 0-0: Called Strike
0-1: Ball
1-1: Ball
2-1: Ball
3-1: Foul Ball, location: 2F
3-2: Foul Ball, location: 2F
3-2: Foul Ball, location: 2F
3-2: Base on Balls
Batting: RHB Andrew Lewis 0-0: Ball
1-0: Called Strike
1-1: Ball
2-1: SINGLE (Groundball, 56D)
Walt Green to second
Batting: LHB Leon Malone 0-0: Ball
1-0: Ball
2-0: Swinging Strike
2-1: Fielders Choice at 2nd, 4-6 (Groundball, 4)
Bottom of the 2nd over - 0 run(s), 1 hit(s), 0 error(s), 1 left on base; Colorado 0 - Michigan 0
TOP OF THE 3RD
Colorado Buffaloes batting - Pitching for Michigan Wolverines : RHP Jean-François Wong
Batting: LHB Mark Spencer 0-0: Ball
1-0: Ball
2-0: Foul Ball, location: 2F
2-1: Bunt for hit - play at first, batter OUT! 1-3
Batting: RHB Jeff Atkinson 0-0: Ball
1-0: Ball
2-0: Called Strike
2-1: Ball
3-1: Ground out 6-3 (Groundball, 6S)
Batting: SHB Edgardo Guzmán 0-0: Ball
1-0: Called Strike
1-1: Swinging Strike
1-2: Foul Ball, location: 2F
1-2: Strikes out swinging
Top of the 3rd over - 0 run(s), 0 hit(s), 0 error(s), 0 left on base; Colorado 0 - Michigan 0
BOTTOM OF THE 3RD
Michigan Wolverines batting - Pitching for Colorado Buffaloes : RHP Cole Reynolds
Batting: RHB Mark Brewer 0-0: Ball
1-0: Foul Ball, location: 2F
1-1: Foul Ball, location: 2F
1-2: Foul Ball, location: 2F
1-2: Ball
2-2: Foul Ball, location: 2F
2-2: Foul Ball, location: 2F
2-2: Foul Ball, location: 2F
2-2: Ball
3-2: Base on Balls
Batting: RHB José Morán 0-0: Ball
1-0: Foul Ball, location: 2F
1-1: Ball
2-1: Ground out U3 (Groundball, 3)
Mark Brewer to second
Batting: RHB Bill Davis 0-0: Ball
1-0: Foul Ball, location: 2F
1-1: Called Strike
1-2: Fly out, F8 (Flyball, 8RM)
Batting: RHB Jake Brown 0-0: Called Strike
0-1: SINGLE (Groundball, 5D)
Mark Brewer to third
Runner from 3rd tries for Home, SAFE, no throw
Batting: RHB Bill Andrews 0-0: Fly out, F8 (Line Drive, 78M)
Bottom of the 3rd over - 1 run(s), 1 hit(s), 0 error(s), 1 left on base; Colorado 0 - Michigan 1
TOP OF THE 4TH
Colorado Buffaloes batting - Pitching for Michigan Wolverines : RHP Jean-François Wong
Batting: LHB Marcos Fontanez 0-0: Called Strike
0-1: SINGLE (Line Drive, 6)
Batting: LHB Ethan Shaw 0-0: Foul Ball, location: 2F
Balk!
Marcos Fontanez to second
0-1: Foul Ball, location: 2F
0-2: SINGLE (Flyball, 89S)
Marcos Fontanez to third
Batting: LHB Claudio Jaramillo 0-0: Called Strike
0-1: Fly out, F3 (Flyball, 3DF)
Batting: RHB John Jones 0-0: SINGLE (Flyball, 89S)
Marcos Fontanez scores
Ethan Shaw to second
Runner from 2nd tries for 3rd, SAFE, throw made to third
Batting: SHB Caleb Hart 0-0: Foul Ball, location: 2F
0-1: Foul Ball, location: 2F
0-2: Ball
1-2: Strikes out swinging
Batting: LHB Jack Jefferson 0-0: Called Strike
0-1: Foul Ball, location: 2F
0-2: Ball
1-2: Strikes out swinging
Top of the 4th over - 1 run(s), 3 hit(s), 0 error(s), 2 left on base; Colorado 1 - Michigan 1
BOTTOM OF THE 4TH
Michigan Wolverines batting - Pitching for Colorado Buffaloes : RHP Cole Reynolds
Batting: RHB Rob Burkholder 0-0: Ball
1-0: Called Strike
1-1: Ball
2-1: Ball
3-1: Base on Balls
Batting: RHB Walt Green 0-0: Ball
1-0: Ball
2-0: Fly out, F8 (Flyball, 8RM)
Batting: RHB Andrew Lewis 0-0: Called Strike
0-1: Foul Ball, location: 2F
0-2: Fielders Choice at 2nd, 1-6 (Groundball, P)
Batting: LHB Leon Malone 0-0: SINGLE (Line Drive, 3D)
Andrew Lewis to second
Runner from 2nd tries for 3rd, SAFE, throw made to third
Batting: RHB Mark Brewer 0-0: Ball
1-0: Ball
2-0: Foul Ball, location: 2F
2-1: Foul Ball, location: 2F
2-2: Foul Ball, location: 2F
2-2: Foul Ball, location: 2F
2-2: Ball
3-2: Base on Balls
Leon Malone to second
Pitching: LHP Sherwood Scott
Batting: RHB José Morán 0-0: Called Strike
0-1: Ball
1-1: Ball
2-1: Swinging Strike
2-2: Strikes out looking
Bottom of the 4th over - 0 run(s), 1 hit(s), 0 error(s), 3 left on base; Colorado 1 - Michigan 1
TOP OF THE 5TH
Colorado Buffaloes batting - Pitching for Michigan Wolverines : RHP Jean-François Wong
Batting: LHB Mark Spencer 0-0: Foul Ball, location: 2F
0-1: Hit by Pitch
Batting: RHB Jeff Atkinson 0-0: Called Strike
0-1: Foul Ball, location: 2F
0-2: Ball
1-2: Ball
Mark Spencer steals 2nd base
2-2: Ball
3-2: Intentional Walk
Batting: SHB Edgardo Guzmán 0-0: Ball
1-0: Called Strike
1-1: Called Strike
1-2: Ball
2-2: Grounds into double play, 3-6-3 (Groundball, 34)
Mark Spencer to third
Batting: LHB Marcos Fontanez 0-0: Ball
1-0: Called Strike
1-1: Ball
2-1: Ball
3-1: Called Strike
3-2: SINGLE (Line Drive, 78S)
Mark Spencer scores
Batting: LHB Ethan Shaw 0-0: Called Strike
0-1: Fielders Choice at 2nd, 6-4 (Groundball, 6)
Top of the 5th over - 1 run(s), 1 hit(s), 0 error(s), 0 left on base; Colorado 2 - Michigan 1
BOTTOM OF THE 5TH
Michigan Wolverines batting - Pitching for Colorado Buffaloes : LHP Sherwood Scott
Batting: RHB Bill Davis 0-0: Ball
1-0: Called Strike
1-1: Ball
2-1: SINGLE (Groundball, 4MD)
Batting: RHB Jake Brown 0-0: Called Strike
0-1: Foul Ball, location: 2F
0-2: Ball
1-2: Foul Ball, location: 2F
1-2: Strikes out swinging
Batting: RHB Bill Andrews 0-0: Called Strike
0-1: Swinging Strike
0-2: Foul Ball, location: 2F
0-2: Ball
1-2: Ball
2-2: Strikes out swinging
Batting: RHB Rob Burkholder 0-0: Ball
1-0: Swinging Strike
1-1: Ball
2-1: Ball
3-1: Foul Ball, location: 2F
3-2: Base on Balls
Bill Davis to second
Batting: RHB Walt Green 0-0: SINGLE (Line Drive, 78S)
Bill Davis to third
Rob Burkholder to second
Batting: RHB Andrew Lewis 0-0: Foul Ball, location: 2F
0-1: Ball
1-1: SINGLE (Line Drive, 3)
Bill Davis scores
Rob Burkholder to third
Walt Green to second
Pitching: LHP Marc Fontenot
Batting: LHB Leon Malone 0-0: Called Strike
0-1: Reached on error, E3 (Groundball, 34)
Rob Burkholder scores
Walt Green to third
Andrew Lewis to second
Batting: RHB Mark Brewer 0-0: Ball
1-0: Fly out, F4 (Popup, 4)
Bottom of the 5th over - 2 run(s), 3 hit(s), 1 error(s), 3 left on base; Colorado 2 - Michigan 3
TOP OF THE 6TH
Colorado Buffaloes batting - Pitching for Michigan Wolverines : RHP Jean-François Wong
Batting: LHB Claudio Jaramillo 0-0: Ball
1-0: Ball
2-0: Ball
3-0: Called Strike
3-1: Base on Balls
Pitching: LHP Bill Bernard
Batting: RHB John Jones 0-0: Ball
1-0: Ball
2-0: Ball
3-0: Called Strike
3-1: Called Strike
3-2: SINGLE (Groundball, 56D)
Claudio Jaramillo to second
Batting: SHB Caleb Hart 0-0: Ball
1-0: Ball
2-0: Ball
3-0: Called Strike
3-1: Grounds into double play, 4-6-3 (Groundball, 4)
Claudio Jaramillo to third
Batting: LHB Jack Jefferson 0-0: Ball
1-0: Ball
2-0: Fly out, F8 (Flyball, 8RM)
Top of the 6th over - 0 run(s), 1 hit(s), 0 error(s), 1 left on base; Colorado 2 - Michigan 3
BOTTOM OF THE 6TH
Michigan Wolverines batting - Pitching for Colorado Buffaloes : LHP Marc Fontenot
Batting: RHB José Morán 0-0: Ball
1-0: Ball
2-0: Ball
3-0: Base on Balls
Batting: RHB Bill Davis 0-0: Foul Ball, location: 2F
0-1: Ball
1-1: Ball
Wild Pitch!
José Morán to second
2-1: Intentional Walk
Batting: RHB Jake Brown 0-0: Called Strike
0-1: Ball
1-1: 3-RUN HOME RUN (Flyball, 7D), Distance : 349 ft
Pitching: RHP Andrew Harding
Batting: RHB Bill Andrews 0-0: Ball
1-0: Ball
2-0: Ball
3-0: Base on Balls
Batting: RHB Rob Burkholder 0-0: Ball
1-0: Ball
2-0: Called Strike
2-1: Ball
Wild Pitch!
Bill Andrews to second
3-1: Base on Balls
Batting: RHB Walt Green 0-0: Called Strike
0-1: Called Strike
0-2: Foul Ball, location: 2F
0-2: Ball
1-2: Ball
2-2: Foul Ball, location: 2F
2-2: Strikes out swinging
Batting: RHB Andrew Lewis 0-0: Ball
1-0: Foul Ball, location: 2F
1-1: Ball
2-1: Ball
3-1: Base on Balls
Bill Andrews to third
Rob Burkholder to second
Batting: LHB Leon Malone 0-0: Ball
1-0: Ball
2-0: Swinging Strike
2-1: DOUBLE (Line Drive, 89D)
Bill Andrews scores
Rob Burkholder scores
Andrew Lewis to third
Runner from 3rd tries for Home, SAFE, no throw
Pitching: LHP David Rodríguez
Batting: RHB Mark Brewer 0-0: Swinging Strike
0-1: Swinging Strike
0-2: Strikes out swinging
Batting: RHB José Morán 0-0: Called Strike
0-1: Ball
1-1: Foul Ball, location: 2F
1-2: Ball
2-2: Ball
3-2: Foul Ball, location: 2F
3-2: Strikes out swinging
Bottom of the 6th over - 6 run(s), 2 hit(s), 0 error(s), 1 left on base; Colorado 2 - Michigan 9
TOP OF THE 7TH
Colorado Buffaloes batting - Pitching for Michigan Wolverines : LHP Bill Bernard
Batting: LHB Mark Spencer 0-0: Called Strike
0-1: Ball
1-1: Ball
2-1: Foul Ball, location: 2F
2-2: Foul Ball, location: 2F
2-2: Strikes out swinging
Batting: RHB Jeff Atkinson 0-0: Called Strike
0-1: Ball
1-1: Foul Ball, location: 2F
1-2: Foul Ball, location: 2F
1-2: Foul Ball, location: 2F
1-2: Fly out, F6 (Popup, 56D)
Batting: SHB Edgardo Guzmán 0-0: Ground out 5-3 (Groundball, 56)
Top of the 7th over - 0 run(s), 0 hit(s), 0 error(s), 0 left on base; Colorado 2 - Michigan 9
BOTTOM OF THE 7TH
Michigan Wolverines batting - Pitching for Colorado Buffaloes : LHP David Rodríguez
Batting: RHB Bill Davis 0-0: Called Strike
0-1: Ball
1-1: Swinging Strike
1-2: Ball
2-2: Foul Ball, location: 2F
2-2: Strikes out swinging
Batting: RHB Jake Brown 0-0: Called Strike
0-1: Ball
1-1: Foul Ball, location: 2F
1-2: Ball
2-2: Strikes out looking
Batting: RHB Bill Andrews 0-0: Ball
1-0: Swinging Strike
1-1: Foul Ball, location: 2F
1-2: Strikes out swinging
Bottom of the 7th over - 0 run(s), 0 hit(s), 0 error(s), 0 left on base; Colorado 2 - Michigan 9
TOP OF THE 8TH
Colorado Buffaloes batting - Pitching for Michigan Wolverines : LHP Bill Bernard
Now at C: Salvador Castro
Batting: LHB Marcos Fontanez 0-0: Called Strike
0-1: Fly out, F8 (Flyball, 78S)
Batting: LHB Ethan Shaw 0-0: Ball
1-0: SINGLE (Line Drive, 89M)
Batting: LHB Claudio Jaramillo 0-0: Ball
1-0: Ball
2-0: Fly out, F8 (Flyball, 8RS)
Batting: RHB John Jones 0-0: Called Strike
0-1: Called Strike
0-2: Ball
1-2: Fly out, F9 (Line Drive, 9D)
Top of the 8th over - 0 run(s), 1 hit(s), 0 error(s), 1 left on base; Colorado 2 - Michigan 9
BOTTOM OF THE 8TH
Michigan Wolverines batting - Pitching for Colorado Buffaloes : LHP David Rodríguez
Batting: RHB Rob Burkholder 0-0: Ball
1-0: Ball
2-0: SINGLE (Groundball, 56D)
Pinch Hitting: SHB Bill Smith 0-0: Ball
1-0: Ball
2-0: SINGLE (Line Drive, 89S)
Rob Burkholder to second
Batting: RHB Andrew Lewis 0-0: Ball
1-0: Ball
2-0: Foul Ball, location: 2F
2-1: Ball
3-1: Base on Balls
Rob Burkholder to third
Bill Smith to second
Batting: LHB Leon Malone 0-0: Called Strike
0-1: Foul Ball, location: 2F
0-2: Strikes out swinging
Batting: RHB Mark Brewer 0-0: Ball
1-0: Foul Ball, location: 2F
1-1: Ball
2-1: Ball
3-1: Base on Balls
Rob Burkholder scores
Bill Smith to third
Andrew Lewis to second
Batting: RHB José Morán 0-0: Fly out, F5 (Popup, 56)
Batting: RHB Salvador Castro 0-0: Fielders Choice at 2nd, 5-4 (Groundball, 56)
Bottom of the 8th over - 1 run(s), 2 hit(s), 0 error(s), 2 left on base; Colorado 2 - Michigan 10
TOP OF THE 9TH
Colorado Buffaloes batting - Pitching for Michigan Wolverines : LHP Bill Bernard
Now at SS: Bill Smith
Batting: SHB Caleb Hart 0-0: Ball
1-0: Called Strike
1-1: Swinging Strike
1-2: Foul Ball, location: 2F
1-2: Ball
2-2: Ball
3-2: Foul Ball, location: 2F
3-2: Strikes out swinging
Pitching: RHP Jorge Báez
Batting: LHB Jack Jefferson 0-0: Ball
1-0: Called Strike
1-1: Fly out, F8 (Flyball, 8LM)
Batting: LHB Mark Spencer 0-0: Foul Ball, location: 2F
0-1: Foul Ball, location: 2F
0-2: Ball
1-2: Strikes out swinging
Top of the 9th over - 0 run(s), 0 hit(s), 0 error(s), 0 left on base; Colorado 2 - Michigan 10
Thursday, March 30th, 2017 - OOTP Baseball 17.12 Build 75